Map: New Repugnancy LE

Players

StarFoxX - Winner!

  • Race: Protoss Protoss
  • League: Diamond
  • Spawn Location: 1:00

eXile

  • Race: Zerg Zerg
  • League: Diamond
  • Spawn Location: 7:00

VOD

Have the link to the VOD?

Description

Time

  • Played on: July 27, 2019, 2:52 p.m.
  • Length: 7:49
Show
View Real Time Build Order
Export as new Build Order

StarFoxX Protoss - Winner!

Build Orders: 1 Gate Expand 

Get SALT Encoding   

  12  0:01  Probe  
  13  0:13  Probe  
  14  0:19  Pylon  
  14  0:25  Probe  
  15  0:35  Probe  
  15  0:41  Gateway  
  16  0:43  Probe  
  17  0:51  Assimilator, Probe  
  18  1:03  Probe  
  19  1:15  Probe  
  20  1:30  Nexus  
  20  1:39  Cybernetics Core  
  20  1:46  Assimilator  
  20  1:52  Pylon  
  20  1:55  Probe  
  21  2:05  Adept  
  21  2:07  Probe  
  24  2:17  Warp Gate  
  24  2:19  Probe  
  25  2:23  Robotics Facility  
  25  2:35  Stalker, Probe  
  28  2:47  Probe x2  
  30  2:53  Twilight Council  
  30  2:59  Probe x2  
  32  3:24  Immortal, Gateway  
  32  3:27  Probe  
  32  3:28  Shield Battery, Probe  
  34  3:38  Resonating Glaives  
  38  3:42  Probe  
  38  3:43  Probe  
  38  3:47  Sentry  
  42  3:54  Shield Battery  
  40  4:10  Immortal  
  44  4:25  Sentry  
  44  4:28  Pylon  
  46  4:32  Pylon  
  46  4:38  Phoenix  
  46  4:41  Pylon  
  46  4:46  Probe x2  
  48  4:54  Adept  
  48  4:55  Sentry  
  48  4:56  Warp Prism  
  54  5:15  Probe x2  
  54  5:21  Gateway  
  56  5:26  Gateway  
  56  5:28  Gateway  
  56  5:30  Adept x2, Gateway  
  60  5:37  Gateway  
  60  5:39  Gateway  
  60  5:40  Pylon  
  60  5:43  Pylon  
  60  5:45  Pylon x2  
  60  5:48  Pylon  
  60  5:49  Pylon  
  60  5:56  Adept x2  
  64  6:00  Pylon  
  64  6:07  Gateway  
  64  6:09  Probe x2  
  66  6:15  Adept  
  66  6:16  Adept  
  66  6:17  Adept  
  72  6:25  Adept x2, Sentry  
  78  6:32  Adept  
  78  6:38  Adept x2  
  78  6:39  Adept  
  86  6:40  Sentry  
  88  6:59  Adept x4  
  88  7:00  Adept x2  
  96  7:05  Adept  
  96  7:06  Adept  
  100  7:12  Adept  
  94  7:31  Adept x6  
  100  7:43  Adept x3  
Show
View Real Time Build Order
Export as new Build Order

eXile Zerg 

Build Orders: Hatch First 

Get SALT Encoding   

  12  0:01  Drone  
  13  0:13  Overlord  
  13  0:17  Drone  
  14  0:32  Drone x2  
  16  0:55  Drone  
  16  0:56  Drone  
  18  1:07  Hatchery  
  18  1:10  Extractor  
  16  1:13  Spawning Pool  
  16  1:18  Drone  
  16  1:20  Drone  
  16  1:23  Drone  
  18  1:32  Drone  
  19  1:43  Overlord  
  19  1:59  Queen  
  21  2:03  Zergling x4  
  23  2:11  Metabolic Boost  
  23  2:18  Drone  
  23  2:20  Queen  
  23  2:21  Zergling x2  
  27  2:35  Queen  
  29  2:43  Hatchery  
  28  2:51  Drone x3  
  28  2:55  Drone  
  32  3:04  Queen  
  34  3:27  Overlord x2  
  36  3:29  Lair  
  34  3:39  Queen  
  34  3:40  Roach Warren  
  35  3:50  Extractor  
  35  3:51  Drone x3  
  35  3:52  Evolution Chamber  
  36  4:13  Queen  
  38  4:26  Zerg Missile Weapons Level 1  
  38  4:27  Roach  
  40  4:32  Extractor  
  40  4:38  Drone x5  
  40  4:39  Drone x5  
  49  4:51  Glial Reconstitution  
  49  5:00  Zergling x2  
  49  5:01  Overlord  
  50  5:17  Overlord x2  
  52  5:21  Roach x3  
  52  5:22  Roach  
  52  5:26  Overlord  
  58  5:33  Overseer  
  58  5:37  Drone  
  58  5:38  Drone x3  
  62  5:45  Overlord  
  62  5:48  Roach  
  64  5:52  Roach  
  66  5:58  Overlord x2  
  66  6:00  Drone  
  67  6:09  Roach x3  
  73  6:23  Roach x5  
  83  6:29  Drone x4  
  86  6:48  Roach x4  
  86  6:49  Roach  
  83  7:04  Roach x3  
  83  7:05  Roach x4  
  83  7:06  Ravager x3  
Tags
 
Add a new tag
Caveats
  • Supply blocks, unpowered buildings, or Contaminate may cause inaccurate times.
  • Supply counts are checked every 10 seconds.